PIO (24 & UNDER)
SASKATOON SMOKIN' GUNS @ JASPER COUGARS
09/26/2029
 
TOP OF THE 1ST
Saskatoon Smokin' Guns batting - Pitching for Jasper Cougars : RHP Juan Martínez
Pitching: RHP Juan Martínez
Batting: LHB Rubén Salazar 0-0: Called Strike
0-1: Ball
1-1: Foul Ball, location: 2F
1-2: Ground out 4-3 (Groundball, 4M)
Batting: RHB Rafael Gonzáles 0-0: Fly out, F9 (Line Drive, 9)
Batting: SHB Ramiro Medrano 0-0: SINGLE (Groundball, 4) (infield hit)
Batting: RHB Robbie Jenkins 0-0: Called Strike
0-1: Foul Ball, location: 2F
0-2: Ball
1-2: Fielders Choice at 2nd, 6-4 (Groundball, 56)
Top of the 1st over - 0 runs, 1 hit, 0 errors, 1 left on base; Saskatoon 0 - Jasper 0
BOTTOM OF THE 1ST
Jasper Cougars batting - Pitching for Saskatoon Smokin' Guns : RHP Bernardo García
Pitching: RHP Bernardo García
Batting: RHB Ben Wilson 0-0: Ball
1-0: Swinging Strike
1-1: Foul Ball, location: 2F
1-2: Ball
2-2: Foul Ball, location: 2F
2-2: Ball
3-2: Foul Ball, location: 2F
3-2: Foul Ball, location: 2F
3-2: Foul Ball, location: 2F
3-2: Foul Ball, location: 2F
3-2: Foul Ball, location: 2F
3-2: Fly out, F6 (Line Drive, 6)
Batting: LHB John Miller 0-0: Ball
1-0: Ball
2-0: Called Strike
2-1: Called Strike
2-2: SINGLE (Line Drive, 6MD)
Batting: RHB Richie Sawyer 0-0: Ball
1-0: TRIPLE (Flyball, 8RXD)
John Miller scores
Batting: RHB Júlio González 0-0: Ball
1-0: Called Strike
1-1: Ball
2-1: Ball
3-1: Foul Ball, location: 2F
3-2: Foul Ball, location: 2F
3-2: Foul Ball, location: 2F
3-2: Base on Balls
Batting: SHB Jerry Young 0-0: Ball
1-0: Called Strike
1-1: Ball
2-1: Swinging Strike
2-2: Fly out, F9 (Flyball, 89M)
Runner from 3rd tags up, SCORES, throw made
Batting: RHB Brent Allen 0-0: Ball
1-0: Foul Ball, location: 2F
1-1: Called Strike
1-2: Foul Ball, location: 2F
1-2: Strikes out looking
Bottom of the 1st over - 2 runs, 2 hits, 0 errors, 1 left on base; Saskatoon 0 - Jasper 2
TOP OF THE 2ND
Saskatoon Smokin' Guns batting - Pitching for Jasper Cougars : RHP Juan Martínez
Batting: RHB Johnny Hawson 0-0: Foul Ball, location: 2F
0-1: Ball
1-1: Ball
2-1: DOUBLE (Line Drive, 78M)
Batting: LHB José Domínguez 0-0: Ball
1-0: SINGLE (Line Drive, 7S)
Johnny Hawson to third
Batting: RHB Juan Cardenas 0-0: Foul Ball, location: 2F
0-1: SINGLE (Groundball, 34S) (infield hit)
Johnny Hawson scores
José Domínguez to second
Batting: RHB Mike Ratzlaff 0-0: Ball
1-0: Foul Ball, location: 2F
1-1: Ball
2-1: Swinging Strike
2-2: Fly out, F7 (Flyball, 78M)
Batting: RHB Rafael Martínez 0-0: Ball
1-0: Called Strike
1-1: Foul Ball, location: 2F
1-2: Foul Ball, location: 2F
1-2: Foul Ball, location: 2F
1-2: Strikes out swinging
Batting: LHB Rubén Salazar 0-0: Ball
1-0: SINGLE (Groundball, 4MD)
José Domínguez to third
Juan Cardenas to second
Runner from 3rd tries for Home, SAFE, no throw
Batting: RHB Rafael Gonzáles 0-0: Called Strike
0-1: Ball
1-1: Ball
2-1: Fly out, F9 (Line Drive, 9)
Top of the 2nd over - 2 runs, 4 hits, 0 errors, 2 left on base; Saskatoon 2 - Jasper 2
BOTTOM OF THE 2ND
Jasper Cougars batting - Pitching for Saskatoon Smokin' Guns : RHP Bernardo García
Batting: RHB Alberto Morín 0-0: Ball
1-0: Swinging Strike
1-1: Foul Ball, location: 2F
1-2: Foul Ball, location: 2F
1-2: Strikes out swinging, 2-3 out at first.
Batting: RHB Alberto Castillo 0-0: Foul Ball, location: 2F
0-1: Ground out 6-3 (Groundball, 6M)
Batting: RHB Preston Manning 0-0: Called Strike
0-1: Ball
1-1: Called Strike
1-2: Foul Ball, location: 2F
1-2: DOUBLE (Line Drive, 7D)
Batting: RHB Ben Wilson 0-0: Foul Ball, location: 2F
0-1: SINGLE (Line Drive, 6MD)
Preston Manning to third
Runner from 3rd tries for Home, SAFE, no throw
Batting: LHB John Miller 0-0: Ball
1-0: Swinging Strike
1-1: Ball
2-1: Ground out 6-3 (Groundball, 6S)
Bottom of the 2nd over - 1 run, 2 hits, 0 errors, 1 left on base; Saskatoon 2 - Jasper 3
TOP OF THE 3RD
Saskatoon Smokin' Guns batting - Pitching for Jasper Cougars : RHP Juan Martínez
Batting: SHB Ramiro Medrano 0-0: Foul Ball, location: 2F
0-1: Ball
1-1: Called Strike
1-2: Ball
2-2: Ball
3-2: Foul Ball, location: 2F
3-2: Foul Ball, location: 2F
3-2: SINGLE (Groundball, 34) (infield hit)
Batting: RHB Robbie Jenkins 0-0: Called Strike
0-1: Ball
1-1: Ball
2-1: SINGLE (Line Drive, 5D)
Ramiro Medrano to second
Batting: RHB Johnny Hawson 0-0: Called Strike
0-1: Fly out, F9 (Flyball, 9S)
Batting: LHB José Domínguez 0-0: SINGLE (Line Drive, 56D)
Ramiro Medrano to third
Robbie Jenkins to second
Runner from 3rd tries for Home, SAFE, no throw
Batting: RHB Juan Cardenas 0-0: Called Strike
0-1: Ball
1-1: Ball
2-1: Foul Ball, location: 2F
2-2: Foul Ball, location: 2F
2-2: Fly out, F7 (Flyball, 7S)
Batting: RHB Mike Ratzlaff 0-0: Fly out, F7 (Line Drive, 7D)
Top of the 3rd over - 1 run, 3 hits, 0 errors, 2 left on base; Saskatoon 3 - Jasper 3
BOTTOM OF THE 3RD
Jasper Cougars batting - Pitching for Saskatoon Smokin' Guns : RHP Bernardo García
Batting: RHB Richie Sawyer 0-0: SINGLE (Line Drive, 89S)
Batting: RHB Júlio González 0-0: Foul Ball, location: 2F
0-1: Called Strike
0-2: Ball
1-2: Ball
2-2: Foul Ball, location: 2F
2-2: Foul Ball, location: 2F
2-2: Foul Ball, location: 2F
2-2: Hit by Pitch
Richie Sawyer to second
Batting: SHB Jerry Young 0-0: Called Strike
0-1: Ball
1-1: Fielders Choice at 2nd, 5-4 (Groundball, 56)
Richie Sawyer to third
Batting: RHB Brent Allen 0-0: Called Strike
0-1: 3-RUN HOME RUN (Flyball, 78XD), Distance : 397 ft
Batting: RHB Alberto Morín 0-0: Called Strike
0-1: Ball
1-1: DOUBLE (Line Drive, 78D)
Pitching: RHP Miguel Reyes
Batting: RHB Alberto Castillo 0-0: Ball
1-0: Swinging Strike
1-1: Ball
2-1: Fly out, F2 (Popup, 25F)
Batting: RHB Preston Manning 0-0: Ball
1-0: Ground out 6-3 (Groundball, 6M)
Bottom of the 3rd over - 3 runs, 3 hits, 0 errors, 1 left on base; Saskatoon 3 - Jasper 6
TOP OF THE 4TH
Saskatoon Smokin' Guns batting - Pitching for Jasper Cougars : RHP Juan Martínez
Batting: RHB Rafael Martínez 0-0: Ball
1-0: SINGLE (Groundball, 34D)
Batting: LHB Rubén Salazar 0-0: Ball
1-0: Foul Ball, location: 2F
1-1: Foul Ball, location: 2F
1-2: TRIPLE (Flyball, 8RXD)
Rafael Martínez scores
Batting: RHB Rafael Gonzáles 0-0: Ball
1-0: Called Strike
1-1: Called Strike
1-2: Foul Ball, location: 2F
1-2: SINGLE (Groundball, 56D)
Rubén Salazar scores
Batting: SHB Ramiro Medrano 0-0: Ball
1-0: Swinging Strike
1-1: Ball
2-1: Fly out, F9 (Flyball, 89M)
Batting: RHB Robbie Jenkins 0-0: Ball
Rafael Gonzáles is caught stealing 2nd base
1-0: Called Strike
1-1: Swinging Strike
1-2: Strikes out looking
Top of the 4th over - 2 runs, 3 hits, 0 errors, 0 left on base; Saskatoon 5 - Jasper 6
BOTTOM OF THE 4TH
Jasper Cougars batting - Pitching for Saskatoon Smokin' Guns : RHP Miguel Reyes
Batting: RHB Ben Wilson 0-0: Ball
1-0: Ball
2-0: Ball
3-0: Base on Balls
Batting: LHB John Miller 0-0: Ball
1-0: SINGLE (Line Drive, 8RS)
Ben Wilson to second
Batting: RHB Richie Sawyer 0-0: Ball
1-0: Ball
2-0: Foul Ball, location: 2F
2-1: SINGLE (Groundball, 56D)
Ben Wilson to third
John Miller to second
Runner from 3rd tries for Home, SAFE, no throw
Batting: RHB Júlio González 0-0: SINGLE (Line Drive, 6D)
John Miller to third
Richie Sawyer to second
Batting: SHB Jerry Young 0-0: Ball
1-0: Foul Ball, location: 2F
1-1: Foul Ball, location: 2F
1-2: Fielders Choice at 2nd, 3-6 (Groundball, 3)
John Miller scores
Richie Sawyer to third
Batting: RHB Brent Allen 0-0: Grounds into double play, 3-6-3 (Groundball, 3)
Bottom of the 4th over - 2 runs, 3 hits, 0 errors, 1 left on base; Saskatoon 5 - Jasper 8
TOP OF THE 5TH
Saskatoon Smokin' Guns batting - Pitching for Jasper Cougars : RHP Juan Martínez
Batting: RHB Johnny Hawson 0-0: Ball
1-0: SINGLE (Groundball, 6D)
Batting: LHB José Domínguez 0-0: SINGLE (Groundball, 4D)
Johnny Hawson to second
Runner from 2nd tries for 3rd, SAFE, no throw
Batting: RHB Juan Cardenas 0-0: Ball
1-0: Ball
2-0: SINGLE (Line Drive, 89S)
Johnny Hawson scores
José Domínguez to second
Pitching: RHP Donnie Jackson
Batting: RHB Mike Ratzlaff 0-0: Foul Ball, location: 2F
0-1: Fly out, F5 (Popup, 56)
Batting: RHB Rafael Martínez 0-0: Ball
1-0: Ball
2-0: Ball
3-0: Base on Balls
José Domínguez to third
Juan Cardenas to second
Batting: LHB Rubén Salazar 0-0: Foul Ball, location: 2F
0-1: Ball
1-1: Ball
2-1: Ball
3-1: Base on Balls
José Domínguez scores
Juan Cardenas to third
Rafael Martínez to second
Batting: RHB Rafael Gonzáles 0-0: SINGLE (Groundball, 56D)
Juan Cardenas scores
Rafael Martínez to third
Rubén Salazar to second
Batting: SHB Ramiro Medrano 0-0: Called Strike
0-1: Foul Ball, location: 2F
0-2: Ball
1-2: Strikes out looking
Batting: RHB Robbie Jenkins 0-0: Called Strike
0-1: Foul Ball, location: 2F
0-2: Ball
Wild Pitch!
Rafael Martínez scores
Rubén Salazar to third
Rafael Gonzáles to second
1-2: Ground out 4-3 (Groundball, 4)
Top of the 5th over - 4 runs, 4 hits, 0 errors, 2 left on base; Saskatoon 9 - Jasper 8
BOTTOM OF THE 5TH
Jasper Cougars batting - Pitching for Saskatoon Smokin' Guns : RHP Miguel Reyes
Batting: RHB Alberto Morín 0-0: Called Strike
0-1: Ball
1-1: Ball
2-1: Ball
3-1: Called Strike
3-2: Base on Balls
Batting: RHB Alberto Castillo 0-0: DOUBLE (Flyball, 78D)
Alberto Morín to third
Batting: RHB Preston Manning 0-0: Ball
1-0: Foul Ball, location: 2F
1-1: Foul Ball, location: 2F
1-2: Ball
2-2: Foul Ball, location: 2F
2-2: Strikes out swinging
Batting: RHB Ben Wilson 0-0: DOUBLE (Flyball, 89D)
Alberto Morín scores
Alberto Castillo scores
Batting: LHB John Miller 0-0: Intentional Walk
Pitching: RHP John Gill
Batting: RHB Richie Sawyer 0-0: Hit by Pitch
Ben Wilson to third
John Miller to second
Batting: RHB Júlio González 0-0: Ball
1-0: Called Strike
1-1: Foul Ball, location: 2F
1-2: Ball
2-2: Foul Ball, location: 2F
2-2: Ball
3-2: Base on Balls
Ben Wilson scores
John Miller to third
Richie Sawyer to second
Batting: SHB Jerry Young 0-0: Grounds into double play, 4-6-3 (Groundball, 4)
Bottom of the 5th over - 3 runs, 2 hits, 0 errors, 2 left on base; Saskatoon 9 - Jasper 11
TOP OF THE 6TH
Saskatoon Smokin' Guns batting - Pitching for Jasper Cougars : RHP Donnie Jackson
Batting: RHB Johnny Hawson 0-0: Ball
1-0: Ball
2-0: SINGLE (Flyball, 89M)
Batting: LHB José Domínguez 0-0: Ball
1-0: Foul Ball, location: 2F
1-1: Called Strike
1-2: Ball
2-2: Ball
3-2: Base on Balls
Johnny Hawson to second
Batting: RHB Juan Cardenas 0-0: Called Strike
Johnny Hawson steals 3rd base
José Domínguez to second
0-1: Called Strike
0-2: Ball
1-2: Ball
2-2: Fly out, F4 (Line Drive, 4)
Batting: RHB Mike Ratzlaff 0-0: Called Strike
0-1: Ball
1-1: Foul Ball, location: 2F
1-2: Strikes out looking
Batting: RHB Rafael Martínez 0-0: Fly out, F4 (Popup, 3DF)
Top of the 6th over - 0 runs, 1 hit, 0 errors, 2 left on base; Saskatoon 9 - Jasper 11
BOTTOM OF THE 6TH
Jasper Cougars batting - Pitching for Saskatoon Smokin' Guns : RHP John Gill
Batting: RHB Brent Allen 0-0: Called Strike
0-1: Foul Ball, location: 2F
0-2: Ball
1-2: Strikes out swinging
Batting: RHB Alberto Morín 0-0: Called Strike
0-1: Ball
1-1: SINGLE (Line Drive, 78S)
Batting: RHB Alberto Castillo 0-0: Ball
1-0: Called Strike
Alberto Morín steals 2nd base
1-1: Called Strike
1-2: Strikes out looking
Batting: RHB Preston Manning 0-0: Foul Ball, location: 2F
0-1: Ball
1-1: Ground out 5-3 (Groundball, 56)
Bottom of the 6th over - 0 runs, 1 hit, 0 errors, 1 left on base; Saskatoon 9 - Jasper 11
TOP OF THE 7TH
Saskatoon Smokin' Guns batting - Pitching for Jasper Cougars : RHP Donnie Jackson
Pitching: LHP Ángel Gonzáles
Batting: LHB Rubén Salazar 0-0: Foul Ball, location: 2F
0-1: Ball
1-1: Called Strike
1-2: Foul Ball, location: 2F
1-2: Fly out, F8 (Flyball, 8RD)
Pitching: LHP Alberto Guerra
Batting: RHB Rafael Gonzáles 0-0: Ball
1-0: Called Strike
1-1: Foul Ball, location: 2F
1-2: Fly out, F9 (Flyball, 9S)
Batting: SHB Ramiro Medrano 0-0: Foul Ball, location: 2F
0-1: Ball
1-1: Foul Ball, location: 2F
1-2: Foul Ball, location: 2F
1-2: Ball
2-2: Ball
3-2: SINGLE (Groundball, 4MD)
Batting: RHB Robbie Jenkins 0-0: Ball
1-0: Ball
2-0: Fly out, F1 (Line Drive, 15)
Top of the 7th over - 0 runs, 1 hit, 0 errors, 1 left on base; Saskatoon 9 - Jasper 11
BOTTOM OF THE 7TH
Jasper Cougars batting - Pitching for Saskatoon Smokin' Guns : RHP John Gill
Batting: RHB Ben Wilson 0-0: SINGLE (Groundball, 56S) (infield hit)
Batting: LHB John Miller 0-0: Ball
1-0: Ball
2-0: Fly out, F8 (Flyball, 8LS)
Batting: RHB Richie Sawyer 0-0: Ball
1-0: Called Strike
Ben Wilson steals 2nd base
1-1: Intentional Walk
Pinch Hitting: SHB Lonnie Washington 0-0: Foul Ball, location: 2F
0-1: Ball
Throwing error on steal attempt, E2
Ben Wilson scores
Richie Sawyer to third
1-1: Intentional Walk
Batting: SHB Jerry Young 0-0: Swinging Strike
0-1: Foul Ball, location: 2F
0-2: Ball
1-2: Strikes out swinging
Batting: RHB Brent Allen 0-0: Ball
Lonnie Washington is caught stealing 2nd base
Bottom of the 7th over - 1 run, 1 hit, 1 error, 1 left on base; Saskatoon 9 - Jasper 12
TOP OF THE 8TH
Saskatoon Smokin' Guns batting - Pitching for Jasper Cougars : LHP Alberto Guerra
Now at 2B: Lonnie Washington
Batting: RHB Johnny Hawson 0-0: Swinging Strike
0-1: Ball
1-1: Foul Ball, location: 2F
1-2: Foul Ball, location: 2F
1-2: Strikes out looking
Batting: LHB José Domínguez 0-0: Ball
1-0: Ball
2-0: Ball
3-0: Called Strike
3-1: Foul Ball, location: 2F
3-2: Base on Balls
Batting: RHB Juan Cardenas 0-0: Foul Ball, location: 2F
0-1: Called Strike
0-2: Ball
Wild Pitch!
José Domínguez to second
1-2: Ball
2-2: Foul Ball, location: 2F
2-2: Strikes out swinging
Batting: RHB Mike Ratzlaff 0-0: Ball
1-0: Ball
2-0: Ball
3-0: Base on Balls
Batting: RHB Rafael Martínez 0-0: Fielders Choice at 2nd, 5-4 (Groundball, 56)
Top of the 8th over - 0 runs, 0 hits, 0 errors, 2 left on base; Saskatoon 9 - Jasper 12
BOTTOM OF THE 8TH
Jasper Cougars batting - Pitching for Saskatoon Smokin' Guns : RHP John Gill
Batting: RHB Brent Allen 0-0: Ground out 6-3 (Groundball, 6)
Batting: RHB Alberto Morín 0-0: Ball
1-0: Ball
2-0: Called Strike
2-1: Foul Ball, location: 2F
2-2: Ball
3-2: Strikes out swinging
Batting: RHB Alberto Castillo 0-0: Ball
1-0: Ball
2-0: Ground out 6-3 (Groundball, 56)
Bottom of the 8th over - 0 runs, 0 hits, 0 errors, 0 left on base; Saskatoon 9 - Jasper 12
TOP OF THE 9TH
Saskatoon Smokin' Guns batting - Pitching for Jasper Cougars : LHP Alberto Guerra
Pitching: RHP Gilberto Cuevas
Batting: LHB Rubén Salazar 0-0: Called Strike
0-1: Ball
1-1: Foul Ball, location: 2F
1-2: Fly out, F8 (Flyball, 8RS)
Batting: RHB Rafael Gonzáles 0-0: DOUBLE (Line Drive, 78D)
Batting: SHB Ramiro Medrano 0-0: Called Strike
0-1: Foul Ball, location: 2F
0-2: Ball
1-2: Strikes out looking
Batting: RHB Robbie Jenkins 0-0: Ball
1-0: Called Strike
1-1: Swinging Strike
1-2: Foul Ball, location: 2F
1-2: Ground out 5-3 (Groundball, 25)
Top of the 9th over - 0 runs, 1 hit, 0 errors, 1 left on base; Saskatoon 9 - Jasper 12
Saturday, December 16th, 2017 - OOTP Baseball 18.8 Build 76